 Dungeon Crawl Stone Soup version 0.25.1-2-g60ff931df9 (webtiles) character file.

Game seed: 526802381094579363

354 Delamore the Shield-Bearer (level 6, -10/40 HPs)
             Began as a Gargoyle Fighter on Sept 14, 2020.
             Mangled by an ice beast (11 damage)
             ... on level 5 of the Dungeon.
             The game lasted 00:02:50 (3501 turns).

Delamore the Shield-Bearer (Gargoyle Fighter)       Turns: 3501, Time: 00:02:51

Health: -10/40     AC: 13    Str: 21    XL:     6   Next: 63%
Magic:  6/6        EV:  7    Int:  9    God:
Gold:   183        SH: 10    Dex:  9    Spells: 5/5 levels left

rFire    . . .     SeeInvis .   a - +0 flail
rCold    . . .     Gourm    .   c - +0 kite shield
rNeg     + . .     Faith    .   b - +0 scale mail
rPois    ∞         Spirit   .   (no helmet)
rElec    +         Reflect  .   (no cloak)
rCorr    .         Harm     .   n - +1 pair of gloves
MR       .....                  (no boots)
Stlth    ..........             h - amulet of magic regeneration
HPRegen  0.13/turn              m - ring of attention (curse)
MPRegen  0.35/turn              (no ring)

@: no status effects
A: negative energy resistance 1, electricity resistance, unbreathing,
petrification resistance, rot immunity, AC +4
a: no special abilities


You were on level 5 of the Dungeon.
You were not hungry.

You visited 1 branch of the dungeon, and saw 5 of its levels.

You collected 183 gold pieces.

Inventory:

Hand Weapons
 a - a +0 flail (weapon)
 l - a +0 morningstar
Armour
 b - a +0 scale mail (worn)
 c - a +0 kite shield (worn)
 n - a +1 pair of gloves (worn)
Jewellery
 h - an amulet of magic regeneration (around neck)
 m - a cursed ring of attention (left hand)
Scrolls
 e - 4 scrolls of remove curse {unknown}
 j - a scroll of random uselessness {unknown}
 k - a scroll of enchant armour {unknown}
 r - a scroll of enchant weapon {unknown}
 s - a scroll of teleportation {unknown}
Potions
 d - a potion of might
 g - 2 potions of degeneration {unknown}
 i - 3 potions of brilliance {unknown}
 o - a potion of heal wounds {unknown}
 q - 2 potions of curing {unknown}
Comestibles
 f - 6 rations
 p - a chunk of flesh


   Skills:
 - Level 5.0 Fighting
 + Level 4.3 Maces & Flails
 - Level 3.2 Armour
 + Level 5.4 Shields


You had 5 spell levels left.
You didn't know any spells.
Your spell library was empty.

Dungeon Overview and Level Annotations

Branches:
Dungeon (5/15)
 Temple: D:4-7

Altars:
Kikubaaqudgha
Nemelex Xobeh
Qazlal
Sif Muna

Shops:
D:4 }


Innate Abilities, Weirdness & Mutations

You are resistant to torment.
Your stone body is resilient. (AC +4)
You are immune to poison.
You resist negative energy. (rN+)
You are resistant to electric shocks. (rElec)
You can survive without breathing.
You are immune to petrification.
You are immune to rotting.


Message History

The ice beast is lightly wounded.
The ice beast hits you but does no damage.
You block the ice beast's attack.
Your shield and scale mail prevent you from hitting the ice beast.
The ice beast is lightly wounded.
The ice beast hits you. The ice beast freezes you!
You hit the ice beast.
The ice beast is lightly wounded.
The ice beast hits you. The ice beast freezes you!
* * * LOW HITPOINT WARNING * * *
You sock the ice beast!
The ice beast is heavily wounded.
The ice beast hits you but does no damage.
You barely miss the ice beast.
The ice beast is heavily wounded.
The ice beast hits you but does no damage.
The ice beast hits you.
* * * LOW HITPOINT WARNING * * *
The ice beast freezes you!
You die...

. ##### ...
#...##.....
#..@Y>...).
#..........
#...........
#.).......).
#...........
..#.........
...#......>..
###...........


You could see an ice beast.

Vanquished Creatures
  A howler monkey (D:4)
  2 orc priests
  2 orc wizards
  Jessica (D:4)
  A worker ant (D:4)
  5 adders
  An ooze (D:1)
  3 worms (D:2)
  3 dart slugs
  2 leopard geckos
  13 orcs
  9 bats
  3 giant cockroaches
  6 goblins
  9 hobgoblins
  5 jackals
  2 quokkas (D:2)
  6 frilled lizards
  7 kobolds
  8 rats
89 creatures vanquished.

Notes
Turn   | Place    | Note
-------+----------+-------------------------------------------
     0 | D:1      | Delamore the Gargoyle Fighter began the quest for the Orb.
     0 | D:1      | Reached XP level 1. HP: 14/14 MP: 1/1
   190 | D:1      | Reached XP level 2. HP: 16/19 MP: 2/2
   666 | D:1      | Reached XP level 3. HP: 24/24 MP: 3/3
  1053 | D:2      | Reached XP level 4. HP: 29/29 MP: 4/4
  1777 | D:3      | Found an ancient bone altar of Kikubaaqudgha.
  1844 | D:3      | Reached XP level 5. HP: 34/34 MP: 5/5
  2569 | D:3      | Found a sparkling altar of Nemelex Xobeh.
  2570 | D:3      | Found a stormy altar of Qazlal.
  2779 | D:4      | Found Gihisir's Gadget Boutique.
  2821 | D:4      | Reached XP level 6. HP: 39/40 MP: 6/6
  2868 | D:4      | Reached skill level 5 in Shields
  2893 | D:4      | Reached skill level 5 in Fighting
  3221 | D:4      | Noticed Jessica
  3240 | D:4      | Killed Jessica
  3293 | D:4      | Found a shimmering blue altar of Sif Muna.
  3384 | D:5      | Entered Level 5 of the Dungeon
  3384 | D:5      | Noticed an ice beast
  3501 | D:5      | HP: 1/40 [ice beast (3)]
  3501 | D:5      | Mangled by an ice beast

Illustrated notes

Levels and vault maps discovered:
D:1:      dpeg_arrival_pits, layout_loops_ring
D:2:      layout_basic, first_ration
D:3:      layout_rooms, overflow_temple_1_default,
          gammafunk_temple_overflow_statue, minmay_misc_feat_encased
D:4:      layout_gridville, tgw_sif, serial_shops, shop, minmay_misc_feat_rows
D:5:      layout_layer_cave, nicolae_overflow_crystal_walls,
          minmay_temple_entry_grid, uniq_eustachio, uniq_prince_ribbit1

Skill      XL: |  1  2  3  4  5  6 |
---------------+-------------------+-----
Shields        | 4 5 |  5.4
Fighting       | 4 5 |  5.0
Maces & Flails | 3 4 |  4.3
Armour         | |  3.2

Action                   |  1- 3 |  4- 6 || total
-------------------------+-------+-------++-------
Melee: Flail             |   120 |   250 ||   370
  Eat: Chunk             |     1 |     8 ||     9
Armor: Scale mail        |    93 |   163 ||   256
Dodge: Dodged            |    43 |    86 ||   129
Block: Kite shield       |    85 |   159 ||   244
